HSSL
BUTLER HS GOLDEN TORNADO @ GRAND RAPIDS HS SUMMIT
05/04/2027
 
TOP OF THE 1ST
Butler HS Golden Tornado batting - Pitching for Grand Rapids HS Summit : RHP Joe Metcalf
Pitching: RHP Joe Metcalf
Batting: LHB Byron McIlmoyle 0-0: Foul Ball, location: 2F
0-1: Foul Ball, location: 2F
0-2: Strikes out swinging
Batting: SHB Myles Hopkins 0-0: Ball
1-0: Ground out 4-3 (Groundball, 34)
Batting: RHB Daniel Quintana 0-0: Ball
1-0: Ball
2-0: Ball
3-0: Called Strike
3-1: Fly out, F9 (Flyball, 9LS)
Top of the 1st over - 0 run(s), 0 hit(s), 0 error(s), 0 left on base; Butler HS 0 - Grand Rapids HS 0
BOTTOM OF THE 1ST
Grand Rapids HS Summit batting - Pitching for Butler HS Golden Tornado : RHP Van Mojica
Pitching: RHP Van Mojica
Batting: RHB Bob Barnes 0-0: Ball
1-0: Foul Ball, location: 2F
1-1: Called Strike
1-2: Strikes out swinging
Batting: RHB Julián Maez 0-0: Called Strike
0-1: Ball
1-1: Ball
2-1: Ground out 5-3 (Groundball, 56)
Batting: LHB Chris Henry 0-0: Ball
1-0: SINGLE (Flyball, 9LS)
Batting: LHB Jeffery Casey 0-0: Ball
1-0: Called Strike
1-1: Ball
2-1: Foul Ball, location: 2F
2-2: Ball
3-2: SINGLE (Line Drive, 8RS)
Chris Henry to second
Chris Henry to third
Batting: RHB Leroy Bates Pickoff Throw to First - Out!
Bottom of the 1st over - 0 run(s), 2 hit(s), 0 error(s), 0 left on base; Butler HS 0 - Grand Rapids HS 0
TOP OF THE 2ND
Butler HS Golden Tornado batting - Pitching for Grand Rapids HS Summit : RHP Joe Metcalf
Batting: LHB Joe Vásquez 0-0: Called Strike
0-1: Called Strike
0-2: Ball
1-2: Ball
2-2: Foul Ball, location: 2F
2-2: Ball
3-2: Ground out 5-3 (Groundball, 6)
Batting: RHB Warren Thornton 0-0: Ball
1-0: Ball
2-0: Ball
3-0: Called Strike
3-1: Base on Balls
Batting: RHB Matt McDonald 0-0: Ball
1-0: Called Strike
1-1: Ball
2-1: Foul Ball, location: 2F
2-2: Strikes out swinging
Batting: RHB David Gibson 0-0: Called Strike
0-1: SINGLE (Groundball, 34D)
Warren Thornton to second
Runner from 2nd tries for 3rd, OUT!
Top of the 2nd over - 0 run(s), 1 hit(s), 0 error(s), 1 left on base; Butler HS 0 - Grand Rapids HS 0
BOTTOM OF THE 2ND
Grand Rapids HS Summit batting - Pitching for Butler HS Golden Tornado : RHP Van Mojica
Batting: RHB Leroy Bates 0-0: Foul Ball, location: 2F
0-1: DOUBLE (Line Drive, 7LM)
Batting: RHB Rob Walker 0-0: Called Strike
0-1: Swinging Strike
0-2: Ball
1-2: Foul Ball, location: 2F
1-2: Strikes out looking
Batting: RHB Shawn Hanner 0-0: Called Strike
0-1: Ball
1-1: Ball
2-1: Ball
3-1: Called Strike
3-2: Strikes out swinging
Batting: RHB Jonathan Holden 0-0: Swinging Strike
0-1: Ball
1-1: Called Strike
1-2: Strikes out swinging
Bottom of the 2nd over - 0 run(s), 1 hit(s), 0 error(s), 1 left on base; Butler HS 0 - Grand Rapids HS 0
TOP OF THE 3RD
Butler HS Golden Tornado batting - Pitching for Grand Rapids HS Summit : RHP Joe Metcalf
Batting: RHB Tom Copeland 0-0: Foul Ball, location: 2F
0-1: Ball
1-1: Ball
2-1: Foul Ball, location: 2F
2-2: Foul Ball, location: 2F
2-2: Ball
3-2: Base on Balls
Batting: RHB Héctor Meléndez 0-0: Ball
1-0: Ball
2-0: Foul Ball, location: 2F
2-1: Ball
3-1: Fly out, F9 (Flyball, 9LS)
Batting: LHB Byron McIlmoyle 0-0: Ball
1-0: Grounds into double play, 4-6-3 (Groundball, 4)
Top of the 3rd over - 0 run(s), 0 hit(s), 0 error(s), 0 left on base; Butler HS 0 - Grand Rapids HS 0
BOTTOM OF THE 3RD
Grand Rapids HS Summit batting - Pitching for Butler HS Golden Tornado : RHP Van Mojica
Batting: RHB Ramón Espinoza 0-0: Ball
1-0: Ball
2-0: Foul Ball, location: 2F
2-1: Ball
3-1: Foul Ball, location: 2F
3-2: Base on Balls
Batting: RHB Bob Barnes 0-0: Foul Ball, location: 2F
0-1: Called Strike
0-2: Ball
1-2: Grounds into double play, 5-4-3 (Groundball, 5)
Batting: RHB Julián Maez 0-0: Foul Ball, location: 2F
0-1: Foul Ball, location: 2F
0-2: Ball
1-2: Ball
2-2: Fly out, F8 (Line Drive, 8LM)
Bottom of the 3rd over - 0 run(s), 0 hit(s), 0 error(s), 0 left on base; Butler HS 0 - Grand Rapids HS 0
TOP OF THE 4TH
Butler HS Golden Tornado batting - Pitching for Grand Rapids HS Summit : RHP Joe Metcalf
Batting: SHB Myles Hopkins 0-0: Called Strike
0-1: Ball
1-1: Ball
2-1: Ball
3-1: Called Strike
3-2: Strikes out looking
Batting: RHB Daniel Quintana 0-0: Foul Ball, location: 2F
0-1: Ball
1-1: SINGLE (Groundball, 6D)
Batting: LHB Joe Vásquez 0-0: Ball
1-0: Foul Ball, location: 2F
1-1: Fly out, F4 (Popup, 4)
Batting: RHB Warren Thornton 0-0: Ball
1-0: Foul Ball, location: 2F
1-1: Called Strike
1-2: Ball
2-2: Strikes out swinging
Top of the 4th over - 0 run(s), 1 hit(s), 0 error(s), 1 left on base; Butler HS 0 - Grand Rapids HS 0
BOTTOM OF THE 4TH
Grand Rapids HS Summit batting - Pitching for Butler HS Golden Tornado : RHP Van Mojica
Batting: LHB Chris Henry 0-0: Foul Ball, location: 2F
0-1: Foul Ball, location: 2F
0-2: Strikes out looking
Batting: LHB Jeffery Casey 0-0: Called Strike
0-1: Ball
1-1: Ball
2-1: Fly out, F8 (Flyball, 78D)
Batting: RHB Leroy Bates 0-0: Ball
1-0: Called Strike
1-1: Fly out, F8 (Flyball, 8LM)
Bottom of the 4th over - 0 run(s), 0 hit(s), 0 error(s), 0 left on base; Butler HS 0 - Grand Rapids HS 0
TOP OF THE 5TH
Butler HS Golden Tornado batting - Pitching for Grand Rapids HS Summit : RHP Joe Metcalf
Batting: RHB Matt McDonald 0-0: Swinging Strike
0-1: Called Strike
0-2: Foul Ball, location: 2F
0-2: Foul Ball, location: 2F
0-2: Strikes out swinging
Batting: RHB David Gibson 0-0: Foul Ball, location: 2F
0-1: Ball
1-1: Ball
2-1: Ball
3-1: Ground out 6-3 (Groundball, 6)
Batting: RHB Tom Copeland 0-0: Ball
1-0: Called Strike
1-1: Called Strike
1-2: Ball
2-2: Foul Ball, location: 2F
2-2: Ball
3-2: Foul Ball, location: 2F
3-2: Foul Ball, location: 2F
3-2: Base on Balls
Pitching: RHP Philip Walker
Batting: RHB Héctor Meléndez 0-0: Foul Ball, location: 2F
0-1: Ball
1-1: Ball
2-1: Foul Ball, location: 2F
2-2: Ball
3-2: Base on Balls
Tom Copeland to second
Batting: LHB Byron McIlmoyle 0-0: Called Strike
0-1: Ball
1-1: Ball
2-1: Ball
3-1: Called Strike
3-2: Foul Ball, location: 2F
3-2: Base on Balls
Tom Copeland to third
Héctor Meléndez to second
Batting: SHB Myles Hopkins 0-0: SINGLE (Line Drive, 56)
Tom Copeland scores
Héctor Meléndez to third
Byron McIlmoyle to second
Runner from 3rd tries for Home, SAFE, no throw
Batting: RHB Daniel Quintana 0-0: Ball
1-0: Swinging Strike
1-1: Ball
2-1: Called Strike
2-2: Ground out 5-3 (Groundball, 56S)
Top of the 5th over - 2 run(s), 1 hit(s), 0 error(s), 2 left on base; Butler HS 2 - Grand Rapids HS 0
BOTTOM OF THE 5TH
Grand Rapids HS Summit batting - Pitching for Butler HS Golden Tornado : RHP Van Mojica
Batting: RHB Rob Walker 0-0: Ball
1-0: DOUBLE (Flyball, 78M)
Batting: RHB Shawn Hanner 0-0: Called Strike
0-1: Ball
1-1: Ball
2-1: Called Strike
2-2: Ball
3-2: DOUBLE (Line Drive, 78D)
Rob Walker scores
Batting: RHB Jonathan Holden 0-0: Called Strike
0-1: Ball
1-1: Swinging Strike
1-2: Foul Ball, location: 2F
1-2: Foul Ball, location: 2F
1-2: Strikes out looking
Batting: RHB Ramón Espinoza 0-0: Foul Ball, location: 2F
0-1: Ball
1-1: Ball
2-1: Ground out 6-3 (Groundball, 6)
Shawn Hanner to third
Batting: RHB Bob Barnes 0-0: Foul Ball, location: 2F
0-1: SINGLE (Groundball, 56D)
Shawn Hanner scores
Batting: RHB Julián Maez 0-0: Ball
1-0: Foul Ball, location: 2F
1-1: Ball
2-1: Foul Ball, location: 2F
2-2: Ball
3-2: Base on Balls
Bob Barnes to second
Pitching: RHP Alan Mobley
Batting: LHB Chris Henry 0-0: Swinging Strike
0-1: Ball
1-1: Foul Ball, location: 2F
1-2: Fly out, F9 (Flyball, 9)
Bottom of the 5th over - 2 run(s), 3 hit(s), 0 error(s), 2 left on base; Butler HS 2 - Grand Rapids HS 2
TOP OF THE 6TH
Butler HS Golden Tornado batting - Pitching for Grand Rapids HS Summit : RHP Philip Walker
Batting: LHB Joe Vásquez 0-0: Ball
1-0: Ball
2-0: Foul Ball, location: 2F
2-1: Ball
3-1: Base on Balls
Batting: RHB Warren Thornton 0-0: Called Strike
0-1: Ball
1-1: Foul Ball, location: 2F
1-2: Foul Ball, location: 2F
1-2: Foul Ball, location: 2F
1-2: Grounds into double play, 5-4-3 (Groundball, 5)
Batting: RHB Matt McDonald 0-0: Called Strike
0-1: Called Strike
0-2: Ball
1-2: Ball
2-2: Ball
3-2: Strikes out looking
Top of the 6th over - 0 run(s), 0 hit(s), 0 error(s), 0 left on base; Butler HS 2 - Grand Rapids HS 2
BOTTOM OF THE 6TH
Grand Rapids HS Summit batting - Pitching for Butler HS Golden Tornado : RHP Alan Mobley
Batting: LHB Jeffery Casey 0-0: Called Strike
0-1: Swinging Strike
0-2: Foul Ball, location: 2F
0-2: Foul Ball, location: 2F
0-2: Ball
1-2: Ball
2-2: Ball
3-2: Foul Ball, location: 2F
3-2: Base on Balls
Batting: RHB Leroy Bates 0-0: Ball
1-0: Ball
Wild Pitch!
Jeffery Casey to second
2-0: Foul Ball, location: 2F
2-1: Foul Ball, location: 2F
2-2: Ball
3-2: Strikes out swinging
Batting: RHB Rob Walker 0-0: SINGLE (Flyball, 8LS)
Jeffery Casey to third
Runner from 3rd tries for Home, SAFE, throw made home
Batting: RHB Shawn Hanner 0-0: Foul Ball, location: 2F
0-1: Ball
1-1: Grounds into double play, 4-6-3 (Groundball, 4)
Bottom of the 6th over - 1 run(s), 1 hit(s), 0 error(s), 0 left on base; Butler HS 2 - Grand Rapids HS 3
TOP OF THE 7TH
Butler HS Golden Tornado batting - Pitching for Grand Rapids HS Summit : RHP Philip Walker
Pitching: RHP Bobby Moody
Batting: RHB David Gibson 0-0: Called Strike
0-1: Ball
1-1: Ball
2-1: SOLO HOME RUN (Line Drive, 7D), Distance : 376 ft
Batting: RHB Tom Copeland 0-0: Swinging Strike
0-1: Swinging Strike
0-2: Ball
1-2: Foul Ball, location: 2F
1-2: Strikes out looking
Pitching: RHP Juan Delgado
Batting: RHB Héctor Meléndez 0-0: SINGLE (Flyball, 7LS)
Batting: LHB Byron McIlmoyle 0-0: SINGLE (Groundball, 34D)
Héctor Meléndez to second
Runner from 2nd tries for 3rd, SAFE, throw made to third
Batting: SHB Myles Hopkins 0-0: Reached on error, E6 (Groundball, 6S)
Héctor Meléndez scores
Byron McIlmoyle to second
Pinch Hitting: RHB Mike Morton 0-0: Called Strike
Byron McIlmoyle steals 3rd base
Myles Hopkins to second
0-1: Ball
1-1: Foul Ball, location: 2F
1-2: Ball
2-2: SINGLE (Line Drive, 89M)
Byron McIlmoyle scores
Myles Hopkins to third
Runner from 3rd tries for Home, SAFE, no throw
Pitching: RHP Jesús Betancourt
Batting: LHB Joe Vásquez 0-0: Ball
1-0: Swinging Strike
1-1: Ground out 4-3 (Groundball, 34)
Mike Morton to second
Batting: RHB Warren Thornton 0-0: Swinging Strike
0-1: SINGLE (Line Drive, 7LS)
Mike Morton to third
Runner from 3rd tries for Home, SAFE, throw made home
Warren Thornton to second
Batting: RHB Matt McDonald 0-0: Called Strike
0-1: Called Strike
0-2: Strikes out swinging
Top of the 7th over - 5 run(s), 5 hit(s), 1 error(s), 1 left on base; Butler HS 7 - Grand Rapids HS 3
BOTTOM OF THE 7TH
Grand Rapids HS Summit batting - Pitching for Butler HS Golden Tornado : RHP Alan Mobley
Now at 2B: Mike Morton
Batting: RHB Jonathan Holden 0-0: Swinging Strike
0-1: Ball
1-1: Ball
2-1: Called Strike
2-2: Strikes out looking
Batting: RHB Ramón Espinoza 0-0: Fly out, F6 (Line Drive, 6M)
Batting: RHB Bob Barnes 0-0: SINGLE (Groundball, 34D)
Batting: RHB Julián Maez 0-0: Foul Ball, location: 2F
0-1: Foul Ball, location: 2F
0-2: Ball
1-2: Fly out, F8 (Flyball, 8RS)
Bottom of the 7th over - 0 run(s), 1 hit(s), 0 error(s), 1 left on base; Butler HS 7 - Grand Rapids HS 3
TOP OF THE 8TH
Butler HS Golden Tornado batting - Pitching for Grand Rapids HS Summit : RHP Jesús Betancourt
Batting: RHB David Gibson 0-0: Called Strike
0-1: Ball
1-1: Ground out U3 (Groundball, 34S)
Batting: RHB Tom Copeland 0-0: Ball
1-0: Foul Ball, location: 2F
1-1: Ball
2-1: Ball
3-1: Ground out 6-3 (Groundball, 6)
Batting: RHB Héctor Meléndez 0-0: Called Strike
0-1: Ball
1-1: Called Strike
1-2: Ball
2-2: Ball
3-2: Base on Balls
Batting: LHB Byron McIlmoyle 0-0: Ball
1-0: Ball
2-0: Ball
3-0: Called Strike
3-1: Foul Ball, location: 2F
3-2: Base on Balls
Héctor Meléndez to second
Batting: SHB Myles Hopkins 0-0: Called Strike
0-1: Foul Ball, location: 2F
0-2: Ball
1-2: Ball
2-2: Ball
3-2: Foul Ball, location: 2F
3-2: Foul Ball, location: 2F
3-2: Base on Balls
Héctor Meléndez to third
Byron McIlmoyle to second
Batting: RHB Mike Morton 0-0: Ball
1-0: Foul Ball, location: 2F
1-1: Fly out, F9 (Flyball, 9S)
Top of the 8th over - 0 run(s), 0 hit(s), 0 error(s), 3 left on base; Butler HS 7 - Grand Rapids HS 3
BOTTOM OF THE 8TH
Grand Rapids HS Summit batting - Pitching for Butler HS Golden Tornado : RHP Alan Mobley
Batting: LHB Chris Henry 0-0: Foul Ball, location: 2F
0-1: TRIPLE (Flyball, 9D)
Batting: LHB Jeffery Casey 0-0: Ground out U3 (Groundball, 3)
Batting: RHB Leroy Bates 0-0: Swinging Strike
0-1: 2-RUN HOME RUN (Line Drive, 7D), Distance : 351 ft
Pitching: LHP Boyd Green
Batting: RHB Rob Walker 0-0: Ball
1-0: Called Strike
1-1: SINGLE (Line Drive, 78S)
Pitching: RHP Jacob Brown
Batting: RHB Shawn Hanner 0-0: Ball
1-0: SINGLE (Groundball, 6MD)
Rob Walker to second
Batting: RHB Jonathan Holden 0-0: Foul Ball, location: 2F
0-1: Ball
1-1: Ball
2-1: Ball
Wild Pitch!
Rob Walker to third
Shawn Hanner to second
3-1: SINGLE (Groundball, 3D)
Rob Walker scores
Shawn Hanner to third
Runner from 3rd tries for Home, SAFE, throw made home
Jonathan Holden to second
Pinch Hitting: LHB Harry Adams 0-0: Intentional Walk
Batting: RHB Bob Barnes 0-0: Ball
1-0: Called Strike
1-1: Foul Ball, location: 2F
1-2: SINGLE (Groundball, 34D)
Jonathan Holden to third
Harry Adams to second
Runner from 3rd tries for Home, SAFE, throw made home
Harry Adams to third
Bob Barnes to second
Batting: RHB Julián Maez 0-0: Intentional Walk
Pitching: LHP Kevin Glendenning
Batting: LHB Chris Henry 0-0: Ball
1-0: Ball
2-0: Ball
3-0: Base on Balls
Harry Adams scores
Bob Barnes to third
Julián Maez to second
Batting: LHB Jeffery Casey 0-0: Called Strike
0-1: Called Strike
0-2: Ball
1-2: Ball
2-2: Foul Ball, location: 2F
2-2: Fly out, F3 (Popup, 3L)
Batting: RHB Leroy Bates 0-0: Ball
1-0: Ball
2-0: Ground out 3-1 (Groundball, 34)
Bottom of the 8th over - 6 run(s), 6 hit(s), 0 error(s), 3 left on base; Butler HS 7 - Grand Rapids HS 9
TOP OF THE 9TH
Butler HS Golden Tornado batting - Pitching for Grand Rapids HS Summit : RHP Jesús Betancourt
Pitching: RHP Ron Fields
Now in LF: Daniel Orozco
Batting: LHB Joe Vásquez 0-0: Ball
1-0: Foul Ball, location: 2F
1-1: Foul Ball, location: 2F
1-2: DOUBLE (Line Drive, 89M)
Batting: RHB Warren Thornton 0-0: Swinging Strike
0-1: Ground out 6-3 (Groundball, 56)
Batting: RHB Matt McDonald 0-0: Ball
1-0: Foul Ball, location: 2F
1-1: Foul Ball, location: 2F
1-2: Strikes out looking
Batting: RHB David Gibson 0-0: Called Strike
0-1: Ball
1-1: Swinging Strike
1-2: Foul Ball, location: 2F
1-2: Ball
2-2: Ball
3-2: Strikes out looking
Top of the 9th over - 0 run(s), 1 hit(s), 0 error(s), 1 left on base; Butler HS 7 - Grand Rapids HS 9
Thursday, March 30th, 2017 - OOTP Baseball 17.12 Build 75